PAA
HELENA GRIZZLIES @ ATHLETIC CLUB KC ACADEMY
08/11/2023
 
TOP OF THE 1ST
Helena Grizzlies batting - Pitching for Athletic Club KC Academy : RHP Haden Pittman
Pitching: RHP Haden Pittman
Batting: RHB Chris Woodruff 0-0: Called Strike
0-1: Swinging Strike
0-2: Ball
1-2: Strikes out looking
Batting: RHB Tomás Morán 0-0: Called Strike
0-1: Foul Ball, location: 2F
0-2: Ball
1-2: Ball
2-2: Foul Ball, location: 2F
2-2: Strikes out swinging
Batting: LHB Miguel Zúñiga 0-0: Ball
1-0: Swinging Strike
1-1: Ball
2-1: Foul Ball, location: 2F
2-2: Foul Ball, location: 2F
2-2: Ground out 4-3 (Groundball, 4)
Top of the 1st over - 0 run(s), 0 hit(s), 0 error(s), 0 left on base; Helena 0 - Athletic Club KC Academy 0
BOTTOM OF THE 1ST
Athletic Club KC Academy batting - Pitching for Helena Grizzlies : LHP Adrian Neumann
Pitching: LHP Adrian Neumann
Batting: SHB António Montés 0-0: Ball
1-0: Foul Ball, location: 2F
1-1: Ball
2-1: Foul Ball, location: 2F
2-2: Ball
3-2: Base on Balls
Batting: RHB Allen Williams 0-0: Ball
1-0: Swinging Strike
1-1: Ball
2-1: Foul Ball, location: 2F
2-2: Strikes out swinging
Batting: RHB Geoff Rivers 0-0: Fly out, F7 (Flyball, 7D)
Runner from 1st tags up, OUT at 2nd
Bottom of the 1st over - 0 run(s), 0 hit(s), 0 error(s), 0 left on base; Helena 0 - Athletic Club KC Academy 0
TOP OF THE 2ND
Helena Grizzlies batting - Pitching for Athletic Club KC Academy : RHP Haden Pittman
Batting: RHB Álex Estrada 0-0: Called Strike
0-1: SINGLE (Line Drive, 56D)
Batting: RHB Octávio Zúñiga 0-0: Called Strike
0-1: Swinging Strike
0-2: Foul Ball, location: 2F
0-2: Ball
1-2: Ball
2-2: Grounds into double play, 5-4-3 (Groundball, 56)
Batting: LHB Eugene Henson 0-0: Called Strike
0-1: DOUBLE (Flyball, 78M)
Batting: LHB Wilson Horton 0-0: Ball
1-0: Ball
2-0: Called Strike
2-1: Ground out 1-3 (Groundball, 15)
Top of the 2nd over - 0 run(s), 2 hit(s), 0 error(s), 1 left on base; Helena 0 - Athletic Club KC Academy 0
BOTTOM OF THE 2ND
Athletic Club KC Academy batting - Pitching for Helena Grizzlies : LHP Adrian Neumann
Batting: RHB Chris Teague 0-0: Ball
1-0: Fly out, F9 (Line Drive, 89S)
Batting: RHB Michael Walker 0-0: Foul Ball, location: 2F
0-1: Ball
1-1: Ball
2-1: SINGLE (Line Drive, 56D)
Batting: RHB Manuel Canó 0-0: Ball
1-0: Ball
2-0: Called Strike
2-1: Called Strike
2-2: Foul Ball, location: 2F
2-2: Ball
3-2: Grounds into double play, 4-6-3 (Groundball, 4)
Bottom of the 2nd over - 0 run(s), 1 hit(s), 0 error(s), 0 left on base; Helena 0 - Athletic Club KC Academy 0
TOP OF THE 3RD
Helena Grizzlies batting - Pitching for Athletic Club KC Academy : RHP Haden Pittman
Batting: LHB Andrew Palmer 0-0: Fly out, F4 (Popup, 4D)
Batting: LHB César Muñóz 0-0: Ball
1-0: SINGLE (Line Drive, 89M)
Batting: RHB Chris Woodruff 0-0: Ball
1-0: Ball
2-0: Foul Ball, location: 2F
2-1: Fielders Choice at 2nd, 1-6 (Groundball, 15S)
Batting: RHB Tomás Morán 0-0: Ball
1-0: Fielders Choice at 2nd, 6-4 (Groundball, 56)
Top of the 3rd over - 0 run(s), 1 hit(s), 0 error(s), 0 left on base; Helena 0 - Athletic Club KC Academy 0
BOTTOM OF THE 3RD
Athletic Club KC Academy batting - Pitching for Helena Grizzlies : LHP Adrian Neumann
Batting: RHB Bob Curry 0-0: Called Strike
0-1: Ball
1-1: Ball
2-1: Swinging Strike
2-2: Foul Ball, location: 2F
2-2: Foul Ball, location: 2F
2-2: Ball
3-2: Strikes out looking
Batting: RHB Larry Johnston 0-0: Called Strike
0-1: Called Strike
0-2: Fly out, F9 (Flyball, 9M)
Batting: SHB Fernando Luna 0-0: Ground out 6-3 (Groundball, 6M)
Bottom of the 3rd over - 0 run(s), 0 hit(s), 0 error(s), 0 left on base; Helena 0 - Athletic Club KC Academy 0
TOP OF THE 4TH
Helena Grizzlies batting - Pitching for Athletic Club KC Academy : RHP Haden Pittman
Batting: LHB Miguel Zúñiga 0-0: Called Strike
0-1: Ball
1-1: Ground out 1-3 (Groundball, 13S)
Batting: RHB Álex Estrada 0-0: Ball
1-0: Ground out 5-3 (Groundball, 5)
Batting: RHB Octávio Zúñiga 0-0: Called Strike
0-1: Foul Ball, location: 2F
0-2: SOLO HOME RUN (Flyball, 7D), Distance : 392 ft
Batting: LHB Eugene Henson 0-0: Swinging Strike
0-1: Ball
1-1: Called Strike
1-2: Strikes out looking
Top of the 4th over - 1 run(s), 1 hit(s), 0 error(s), 0 left on base; Helena 1 - Athletic Club KC Academy 0
BOTTOM OF THE 4TH
Athletic Club KC Academy batting - Pitching for Helena Grizzlies : LHP Adrian Neumann
Batting: SHB António Montés 0-0: Swinging Strike
0-1: Fly out, F7 (Flyball, 78M)
Batting: RHB Allen Williams 0-0: Called Strike
0-1: Ball
1-1: Ball
2-1: Ball
3-1: Foul Ball, location: 2F
3-2: Base on Balls
Batting: RHB Geoff Rivers 0-0: Foul Ball, location: 2F
0-1: Ball
1-1: Ball
2-1: 2-RUN HOME RUN (Flyball, 7D), Distance : 385 ft
Batting: RHB Chris Teague 0-0: Foul Ball, location: 2F
0-1: Called Strike
0-2: Ball
1-2: Ball
2-2: Strikes out swinging
Batting: RHB Michael Walker 0-0: Ball
1-0: Ball
2-0: Foul Ball, location: 2F
2-1: Ball
3-1: Base on Balls
Batting: RHB Manuel Canó 0-0: Foul Ball, location: 2F
0-1: Ball
1-1: Ball
2-1: Fielders Choice at 2nd, U6 (Groundball, 6M)
Bottom of the 4th over - 2 run(s), 1 hit(s), 0 error(s), 1 left on base; Helena 1 - Athletic Club KC Academy 2
TOP OF THE 5TH
Helena Grizzlies batting - Pitching for Athletic Club KC Academy : RHP Haden Pittman
Batting: LHB Wilson Horton 0-0: Ball
1-0: Foul Ball, location: 2F
1-1: DOUBLE (Line Drive, 9LD)
Batting: LHB Andrew Palmer 0-0: Foul Ball, location: 2F
0-1: Ball
1-1: Ball
2-1: Ball
3-1: Base on Balls
Batting: LHB César Muñóz 0-0: Ball
1-0: Ball
2-0: Bunted foul
2-1: Sac Bunt - play at first, batter OUT! 1-4
Wilson Horton to third
Andrew Palmer to second
Batting: RHB Chris Woodruff 0-0: Called Strike
0-1: Foul Ball, location: 2F
0-2: Foul Ball, location: 2F
0-2: Strikes out swinging
Batting: RHB Tomás Morán 0-0: Swinging Strike
0-1: Foul Ball, location: 2F
0-2: Foul Ball, location: 2F
0-2: Ball
1-2: Ball
2-2: Ball
3-2: Foul Ball, location: 2F
3-2: Fly out, F1 (Popup, 25)
Top of the 5th over - 0 run(s), 1 hit(s), 0 error(s), 2 left on base; Helena 1 - Athletic Club KC Academy 2
BOTTOM OF THE 5TH
Athletic Club KC Academy batting - Pitching for Helena Grizzlies : LHP Adrian Neumann
Batting: RHB Bob Curry 0-0: Foul Ball, location: 2F
0-1: Bunt missed!
0-2: Foul Ball, location: 2F
0-2: Foul Ball, location: 2F
0-2: Fly out, F8 (Flyball, 8RM)
Batting: RHB Larry Johnston 0-0: Called Strike
0-1: Foul Ball, location: 2F
0-2: Ball
1-2: Ball
2-2: Ball
3-2: Foul Ball, location: 2F
3-2: Ground out 1-3 (Groundball, 13S)
Batting: SHB Fernando Luna 0-0: Ball
1-0: Ball
2-0: Foul Ball, location: 2F
2-1: Ball
3-1: Foul Ball, location: 2F
3-2: Foul Ball, location: 2F
3-2: Base on Balls
Batting: SHB António Montés 0-0: Ball
1-0: Ball
2-0: Called Strike
2-1: Swinging Strike
2-2: Ball
3-2: Strikes out swinging
Bottom of the 5th over - 0 run(s), 0 hit(s), 0 error(s), 1 left on base; Helena 1 - Athletic Club KC Academy 2
TOP OF THE 6TH
Helena Grizzlies batting - Pitching for Athletic Club KC Academy : RHP Haden Pittman
Batting: LHB Miguel Zúñiga 0-0: Foul Ball, location: 2F
0-1: Ball
1-1: Swinging Strike
1-2: SINGLE (Line Drive, 89S)
Batting: RHB Álex Estrada 0-0: Ball
1-0: Ball
2-0: Swinging Strike
2-1: Fly out, F2 (Popup, 2LF)
Batting: RHB Octávio Zúñiga 0-0: Called Strike
0-1: Ball
1-1: Ball
2-1: Ball
3-1: Base on Balls
Miguel Zúñiga to second
Pitching: LHP Ignacio López
Batting: LHB Eugene Henson 0-0: Swinging Strike
0-1: Ball
1-1: Ground out 5-3 (Groundball, 5S)
Miguel Zúñiga to third
Octávio Zúñiga to second
Batting: LHB Wilson Horton 0-0: Called Strike
0-1: Swinging Strike
0-2: Fly out, F8 (Flyball, 89M)
Top of the 6th over - 0 run(s), 1 hit(s), 0 error(s), 2 left on base; Helena 1 - Athletic Club KC Academy 2
BOTTOM OF THE 6TH
Athletic Club KC Academy batting - Pitching for Helena Grizzlies : LHP Adrian Neumann
Batting: RHB Allen Williams 0-0: Ball
1-0: Ball
2-0: Ball
3-0: Called Strike
3-1: Base on Balls
Batting: RHB Geoff Rivers 0-0: Foul Ball, location: 2F
0-1: Ball
1-1: Ball
2-1: Ball
3-1: Called Strike
3-2: Strikes out swinging
Batting: RHB Chris Teague 0-0: Foul Ball, location: 2F
0-1: Called Strike
0-2: Ball
1-2: Foul Ball, location: 2F
1-2: Ball
2-2: Ball
3-2: Fielders Choice at 2nd, 5-4 (Groundball, 56)
Pitching: RHP Scott Lyons
Batting: RHB Michael Walker 0-0: Called Strike
0-1: Foul Ball, location: 2F
0-2: Ball
1-2: Ball
2-2: Ball
3-2: SINGLE (Groundball, 56D)
Chris Teague to second
Chris Teague to third
Batting: RHB Manuel Canó 0-0: Ball
Michael Walker is caught stealing 2nd base
Bottom of the 6th over - 0 run(s), 1 hit(s), 0 error(s), 0 left on base; Helena 1 - Athletic Club KC Academy 2
TOP OF THE 7TH
Helena Grizzlies batting - Pitching for Athletic Club KC Academy : LHP Ignacio López
Batting: LHB Andrew Palmer 0-0: Ball
1-0: Called Strike
1-1: Ball
2-1: Swinging Strike
2-2: Strikes out looking
Batting: LHB César Muñóz 0-0: Swinging Strike
0-1: Ball
1-1: Ground out 3-1 (Groundball, 34)
Batting: RHB Chris Woodruff 0-0: Ground out 6-3 (Groundball, 6)
Top of the 7th over - 0 run(s), 0 hit(s), 0 error(s), 0 left on base; Helena 1 - Athletic Club KC Academy 2
BOTTOM OF THE 7TH
Athletic Club KC Academy batting - Pitching for Helena Grizzlies : RHP Scott Lyons
Batting: RHB Manuel Canó 0-0: Ball
1-0: Ball
2-0: Foul Ball, location: 2F
2-1: Swinging Strike
2-2: Foul Ball, location: 2F
2-2: Foul Ball, location: 2F
2-2: Foul Ball, location: 2F
2-2: Foul Ball, location: 2F
2-2: Ball
3-2: Foul Ball, location: 2F
3-2: Base on Balls
Batting: RHB Bob Curry 0-0: Sac Bunt - play at first, batter OUT! 1-4
Manuel Canó to second
Pinch Hitting: RHB Maurice Quinn 0-0: Ground out 5-3 (Groundball, 5L)
Batting: SHB Fernando Luna 0-0: Ball
1-0: SINGLE (Flyball, 7LS)
Manuel Canó to third
Runner from 3rd tries for Home, SAFE, no throw or cutoff
Batting: SHB António Montés 0-0: Swinging Strike
0-1: Foul Ball, location: 2F
0-2: Ball
1-2: Strikes out swinging
Bottom of the 7th over - 1 run(s), 1 hit(s), 0 error(s), 1 left on base; Helena 1 - Athletic Club KC Academy 3
TOP OF THE 8TH
Helena Grizzlies batting - Pitching for Athletic Club KC Academy : LHP Ignacio López
Now in LF: Eric Moore
Batting: RHB Tomás Morán 0-0: Called Strike
0-1: Ball
1-1: Ball
2-1: Called Strike
2-2: Strikes out swinging
Batting: LHB Miguel Zúñiga 0-0: Swinging Strike
0-1: Foul Ball, location: 2F
0-2: Strikes out swinging
Batting: RHB Álex Estrada 0-0: Ball
1-0: Ball
2-0: Foul Ball, location: 2F
2-1: Fly out, F2 (Popup, 2RF)
Top of the 8th over - 0 run(s), 0 hit(s), 0 error(s), 0 left on base; Helena 1 - Athletic Club KC Academy 3
BOTTOM OF THE 8TH
Athletic Club KC Academy batting - Pitching for Helena Grizzlies : RHP Scott Lyons
Batting: RHB Allen Williams 0-0: Ball
1-0: Ball
2-0: Called Strike
2-1: Foul Ball, location: 2F
2-2: Foul Ball, location: 2F
2-2: SINGLE (Line Drive, 89M)
Batting: RHB Geoff Rivers 0-0: Ball
1-0: Fly out, F4 (Popup, 34)
Batting: RHB Chris Teague 0-0: Called Strike
0-1: Ball
1-1: Ball
2-1: Swinging Strike
2-2: Foul Ball, location: 2F
2-2: Ball
3-2: Fly out, F9 (Flyball, 9LM)
Batting: RHB Michael Walker 0-0: Ball
1-0: Foul Ball, location: 2F
1-1: Ground out 5-3 (Groundball, 6)
Bottom of the 8th over - 0 run(s), 1 hit(s), 0 error(s), 1 left on base; Helena 1 - Athletic Club KC Academy 3
TOP OF THE 9TH
Helena Grizzlies batting - Pitching for Athletic Club KC Academy : LHP Ignacio López
Pitching: RHP Juan Herrera
Batting: RHB Octávio Zúñiga 0-0: Called Strike
0-1: Ball
1-1: Ground out 5-3 (Groundball, 56)
Batting: LHB Eugene Henson 0-0: Ball
1-0: Ball
2-0: Fly out, F5 (Popup, 13S)
Batting: LHB Wilson Horton 0-0: Ball
1-0: Ball
2-0: Foul Ball, location: 2F
2-1: Foul Ball, location: 2F
2-2: Ball
3-2: Base on Balls
Pinch Hitting: SHB Tom Craft 0-0: Ball
1-0: Ball
2-0: Foul Ball, location: 2F
2-1: Ball
3-1: Fly out, F9 (Flyball, 89M)
Top of the 9th over - 0 run(s), 0 hit(s), 0 error(s), 1 left on base; Helena 1 - Athletic Club KC Academy 3
This league is powered by Out of the Park Baseball, the baseball management simulation game for PC, Mac and Linux
Friday, July 8th, 2016 - OOTP Baseball 16.9 Build 39